 Dungeon Crawl Stone Soup version 0.32-a0-999-gfa1cc04b1d (webtiles) character file.

Game seed: 9020435652519955888

268 jasper the Apothecary (level 6, -1/52 HPs)
             Began as a Naga Alchemist on Apr 24, 2024.
             Slain by a gnoll
             ... wielding a +0 spear
              (6 damage)
             ... on level 3 of the Dungeon.
             The game lasted 00:05:51 (3330 turns).

jasper the Apothecary (Naga Alchemist)              Turns: 3330, Time: 00:05:52

Health: -1/52      AC:  5    Str: 11    XL:     6   Next: 21%
Magic:  9/9        EV:  8    Int: 17    God:
Gold:   199        SH:  0    Dex: 11    Spells: 4/9 levels left

rFire   . . .        c - +2 dagger (venom)
rCold   . . .        (no shield)
rNeg    . . .        a - +1 robe
rPois   +            e - +0 helmet
rElec   .            (no cloak)
rCorr   .            (no gloves)
SInv    +            (no barding)
Will    +....        (no amulet)
Stlth   ++           j - ring of willpower
HPRegen 0.28/turn    (no ring)
MPRegen 0.11/turn

%: no passive effects
@: very slow
A: AC +2, large, see invisible, deformed body, poison resistance, slowness 2,
spit poison 1, naga tail 1
a: Spit Poison


You were on level 3 of the Dungeon.
You visited 1 branch of the dungeon, and saw 3 of its levels.

You collected 199 gold pieces.

Inventory:

Hand Weapons
 c - a +2 dagger of venom (weapon)
Armour
 a - a +1 robe (worn)
 e - a +0 helmet (worn)
Magical Staves
 f - a staff of conjuration
Jewellery
 j - a ring of willpower (left hand)
Scrolls
 d - a scroll of identify
 g - 2 scrolls of teleportation
 k - 2 scrolls of noise
Potions
 b - 2 potions of magic
 h - a potion of resistance {unknown}
 i - a potion of degeneration
 l - a potion of attraction


   Skills:
 + Level 2.2 Fighting
 - Level 1.5 Dodging
 - Level 3.0 Stealth
 - Level 2.0 Spellcasting
 * Level 2.3 Conjurations
 * Level 1.9 Translocations
 * Level 2.1 Air Magic
 * Level 5.7 Alchemy


You had 4 spell levels left.
You knew the following spells:

 Your Spells              Type           Power      Damage    Failure   Level
b - Mephitic Cloud        Conj/Alch/Air  13%        N/A       14%         3
c - Blink                 Tloc           16%        N/A       14%         2

Your spell library contained the following spells:

 Spells                   Type           Power      Damage    Failure   Level
 Sting                    Conj/Alch      60%        1d6       3%          1
 Mercury Vapours          Alch/Air       30%        N/A       6%          2
 Magic Dart               Conj           36%        1d4       8%          1
 Freeze                   Ice            4%         1d3       19%         1
 Olgreb's Toxic Radiance  Alch           21%        N/A       19%         4
 Call Imp                 Summ           2%         N/A       28%         2
 Hailstorm                Conj/Ice       5%         3d5       34%         3
 Frozen Ramparts          Ice            2%         1d1       50%         3
 Sticky Flame             Fire/Alch      11%        2d5       52%         4


Dungeon Overview and Level Annotations

Branches:
Dungeon (3/15)

Altars:
Kikubaaqudgha

Shops:
D:2 (   D:3 :


Innate Abilities, Weirdness & Mutations

Your serpentine skin is tough. (AC +2)
You have supernaturally acute eyesight. (SInv)
Armour fits poorly on your strangely shaped body.
Your system is resistant to poisons. (rPois)
You cover ground very slowly.
You can spit poison.
You have a snake-like lower body.


Message History

The gnoll shouts! x2
You see here a +0 dagger.
The gnoll hits you from afar with a +0 spear.
You take 4 damage, and have 37/52 hp.
You barely miss the gnoll. The gnoll barely misses you.
The gnoll hits you but does no damage.
The gnoll shouts!
Aiming: Spit Poison (1% risk of failure)
Press: ? - help, Shift-Dir - straight line, f - gnoll
Aim: a gnoll, wielding a +0 spear (65% to hit)
The splash of poison hits the gnoll!
The gnoll is poisoned.
The gnoll is severely wounded.
The gnoll barely misses you. x2; The gnoll hits you with a +0 spear.
You take 4 damage, and have 34/52 hp.
You hit the gnoll.
The gnoll is poisoned.
The gnoll is heavily wounded.
The gnoll hits you with a +0 flail. The gnoll misses you.
The gnoll closely misses you.
You take 2 damage, and have 32/52 hp.
You hit the gnoll.
The gnoll looks even sicker.
The gnoll is severely wounded.
The gnoll hits you with a +0 flail! The gnoll closely misses you.
You take 12 damage, and have 20/52 hp.
MASSIVE DAMAGE!!
The gnoll misses you. The gnoll hits you with a +0 spear.
* * * LOW HITPOINT WARNING * * *
The gnoll hits you with a +0 spear.
* * * LOW HITPOINT WARNING * * *
You take 10 damage, and have 10/52 hp.
You hit the gnoll but do no damage.
The gnoll is poisoned.
You have got your breath back.
The gnoll hits you with a +0 flail.
* * * LOW HITPOINT WARNING * * *
The gnoll barely misses you. The gnoll completely misses you.
You take 5 damage, and have 5/52 hp.
Okay, then.
Okay, then.
You hit the gnoll.
The gnoll looks even sicker.
The gnoll is moderately wounded.
The gnoll closely misses you. The gnoll hits you with a +0 spear.
You die...

# ######## .. ...#...##
... ........## ###....
.........########.......
.........##....g...#....
..........)...).@g......
........).)....g...#....
...#....#)#........# #
........).#>........#
.>##.#..###.........#
..)....####.........#
####.............)...#
#......#.....ß.<.∩.ß.#
..####.........###


You could see 3 gnolls.

Vanquished Creatures
  A vampire bat (D:3)
  2 orc priests (D:3)
  Jessica (D:3)
  Robin (D:3)
  3 gnolls
  2 adders (D:2)
  2 ribbon worms (D:2)
  3 dart slugs
  3 orcs (D:3)
  A ball python (D:2)
  3 bats
  3 bat skeletons (D:3)
  3 bat zombies (D:3)
  3 endoplasms
  4 giant cockroaches
  19 goblins
  5 hobgoblins
  4 kobolds
  A quokka (D:3)
  3 frilled lizards
  5 rats
72 creatures vanquished.

Notes
Turn   | Place    | Note
-------+----------+-------------------------------------------
     0 | D:1      | jasper the Naga Alchemist began the quest for the Orb.
     0 | D:1      | Reached XP level 1. HP: 15/15 MP: 3/3
    56 | D:1      | Reached skill level 4 in Alchemy
   119 | D:1      | Reached XP level 2. HP: 24/24 MP: 3/5
   635 | D:1      | Reached skill level 1 in Fighting
  1075 | D:2      | Reached XP level 3. HP: 31/31 MP: 6/6
  1394 | D:2      | Learned a level 3 spell: Mephitic Cloud
  1397 | D:2      | Learned a level 2 spell: Blink
  1485 | D:2      | Reached skill level 5 in Alchemy
  1485 | D:2      | Reached XP level 4. HP: 24/38 MP: 7/7
  1822 | D:2      | Found Lemied's Weapon Shop.
  2398 | D:3      | Reached skill level 1 in Air Magic
  2411 | D:3      | Found an ancient bone altar of Kikubaaqudgha.
  2474 | D:3      | HP: 1/39 [vampire bat (2)]
  2628 | D:3      | Reached skill level 1 in Translocations
  2628 | D:3      | Reached XP level 5. HP: 45/45 MP: 8/8
  2745 | D:3      | Noticed Robin
  2774 | D:3      | Killed Robin
  2884 | D:3      | Found a faded altar of an unknown god.
  2997 | D:3      | Noticed Jessica
  3015 | D:3      | Killed Jessica
  3254 | D:3      | Found Hoffurus's Book Boutique.
  3272 | D:3      | Reached XP level 6. HP: 38/52 MP: 5/9
  3330 | D:3      | Slain by a gnoll

Illustrated notes

Levels and vault maps discovered:
D:1:      nagdon_arrival_zigzag_paths, layout_basic,
          nicolae_concentric_dashed_squares_mild, minmay_misc_feat_plants
D:2:      layout_basic, serial_shops, nicolae_shop_advertising_works
          [nicolae_subvault_shop_adworks], minmay_ruptured
D:3:      layout_rooms, kennysheep_vampire_church,
          hellmonk_ecumenical_altar_leap_of_faith, serial_shops, shop_statue,
          nicolae_shop_peninsula, dreamdust_wishing_well, kennysheep_crisscross,
          uniq_jessica, uniq_robin

Skill      XL: |  1  2  3  4  5  6 |
---------------+-------------------+-----
Alchemy        | 4 5 |  5.7
Fighting       | 1 2 |  2.2
Air Magic      | 1 2 |  2.1
Translocations | 1 |  1.9
Conjurations   | 2 |  2.3
Dodging        | |  1.5
Stealth        | |  3.0
Spellcasting   | |  2.0

Action                     |  1- 3 |  4- 6 || total
---------------------------+-------+-------++-------
  Melee: Unarmed           |     3 |       ||     3
         Dagger            |    34 |   156 ||   190
   Cast: Sting             |    14 |       ||    14
         Mephitic Cloud    |       |     1 ||     1
Ability: Spit Poison       |     7 |    18 ||    25
    Use: Scroll            |       |    10 ||    10
         Potion            |       |     1 ||     1
   Stab: Sleeping          |     3 |       ||     3
         Confused          |       |     1 ||     1
 Armour: Robe              |    31 |   254 ||   285
  Dodge: Dodged            |    17 |   167 ||   184

Table legend: (Time is in decaauts)
 A = Elapsed time spent in this place.
 B = Non-inter-level travel time spent in this place.
 C = Inter-level travel time spent in this place.
 D = Time resting spent in this place.
 E = Time spent auto-exploring this place.
 F = Levels seen in this place.
 G = Mean time per level.
                   A        B        C        D        E       F      G
               +--------+--------+--------+--------+--------+-----+--------+
         Total |   4209 |   4097 |    112 |    284 |   3063 |   3 | 1403.0 |
       Dungeon |   4209 |   4097 |    112 |    284 |   3063 |   3 | 1403.0 |
               +--------+--------+--------+--------+--------+-----+--------+

Top non-repeatable levels by time:
     D:2: 1856 daAuts
     D:1: 1357 daAuts
     D:3: 994 daAuts
